General information
- name: BNet
- type: Ladder 1vs1/FFA
- host: Battle.net
- saver: MertoL
map: TerenasStand
- players: 2
- length: 18:41
- speed: Fast
- version: 1.26 W3XP
- replay type: Public
» download(65 KB)
Players
team 1 (winner)

»
aBus3r.is.Back (
pink | 77 APM | 1447 actions | 18:41)
4 Archmage
2 Summon Water Elemental
2 Brilliance Aura
4 Mountain King
2 Storm Bolt
2 Bash
» actions
| Build / train | 92 | |
| Enter build submenu | 18 | |
| Enter hero's abilities submenu | 8 | |
| Give item / drop item | 2 | |
| Right click | 791 | |
| Select / deselect | 426 | |
| Use ability | 110 | |
1447 total
» units
| Peasant | 14 | |
| Footman | 13 | |
| Sorceress | 2 | |
| Priest | 8 | |
| Goblin Shredder | 1 | |
| Mortar Team | 6 | |
| Knight | 5 | |
49 total
» upgrades
| Defend | 1 | |
| Priest Training | 2 | |
| Swords | 2 | |
| Animal War Training | 1 | |
| Fragmentation Shards | 1 | |
| Plating | 1 | |
| Flare | 1 | |
9 total
» buildings
| Altar of Kings | 1 | |
| Farm | 10 | |
| Barracks | 1 | |
| Keep | 1 | |
| Arcane Vault | 1 | |
| Lumber Mill | 1 | |
| Blacksmith | 1 | |
| Guard Tower | 2 | |
| Scout Tower | 1 | |
| Arcane Sanctum | 1 | |
| Town Hall | 1 | |
| Workshop | 1 | |
| Castle | 2 | |
24 total
» build order
00:09 Altar of Kings
00:14 Farm
01:14 Barracks
01:23 Farm
02:05 Farm
03:09 Keep
03:35 Arcane Vault
03:49 Lumber Mill
05:30 Blacksmith
06:00 Guard Tower
06:16 Scout Tower
06:23 Farm
06:26 Farm
06:31 Guard Tower
07:13 Arcane Sanctum
08:49 Town Hall
10:57 Workshop
11:32 Castle
11:49 Farm
11:50 Farm
15:39 Farm
15:39 Farm
15:40 Farm
» items
| Scroll of Regeneration | 2 | |
| Lesser Clarity Potion | 4 | |
| Ivory Tower | 3 | |
| Scroll of Protection | 1 | |
| Scroll of Town Portal | 4 | |
| Potion of Healing | 1 | |
15 total
team 2 (loser)
MertoL (
orange | 89 APM | 1662 actions | 18:41)
4 Crypt Lord
2 Carrion Beetles
2 Impale
3 Death Knight
2 Death Coil
1 Unholy Aura
» actions
| Assign group hotkey | 56 | |
| Basic commands | 101 | |
| Build / train | 55 | |
| ESC pressed | 13 | |
| Enter build submenu | 21 | |
| Enter hero's abilities submenu | 8 | |
| Give item / drop item | 2 | |
| Right click | 604 | |
| Select / deselect | 431 | |
| Select group hotkey | 313 | |
| Use ability | 58 | |
1662 total
» units
| Acolyte | 7 | |
| Ghoul | 4 | |
| Crypt Fiend | 19 | |
| Obsidian Statue | 4 | |
| Necromancer | 2 | |
36 total
» upgrades
| Necromancer Training | 1 | |
| Cannibalize | 1 | |
| Destroyer Form | 1 | |
| Skeletal Mastery | 1 | |
4 total
» buildings
| Crypt | 1 | |
| Graveyard | 1 | |
| Ziggurat | 8 | |
| Altar of Darkness | 1 | |
| Tomb of Relics | 1 | |
| Nerubian Tower | 1 | |
| Halls of the Dead | 1 | |
| Slaughterhouse | 1 | |
| Temple of the Damned | 2 | |
| Sacrificial Pit | 1 | |
| Black Citadel | 1 | |
19 total
» build order
00:09 Crypt
00:18 Graveyard
00:37 Ziggurat
00:59 Altar of Darkness
01:27 Tomb of Relics
02:01 Ziggurat
02:28 Ziggurat
02:48 Ziggurat
03:44 Nerubian Tower
03:57 Ziggurat
05:32 Halls of the Dead
05:37 Ziggurat
08:04 Slaughterhouse
08:08 Temple of the Damned
09:07 Temple of the Damned
11:47 Sacrificial Pit
14:49 Ziggurat
15:30 Black Citadel
17:47 Ziggurat
» items
| Potion of Healing | 2 | |
| Potion of Lesser Invulnerability | 1 | |
3 total
Chat log
(00:23 / All) MertoL: hi
(00:25 / All) aBus3r.is.Back: hi
(00:28 / All) MertoL: from
(01:46 / All) aBus3r.is.Back: spa
(05:44 / All) aBus3r.is.Back: kick mh
(05:46 / All) aBus3r.is.Back: newb..
(05:49 / All) MertoL: suck my balls noob
(05:57 / All) aBus3r.is.Back: maphacker
(06:00 / All) MertoL: retard
(15:13 / All) MertoL: faget
(15:15 / All) MertoL: u suck
(15:17 / All) aBus3r.is.Back: noob
(15:19 / All) aBus3r.is.Back: maphacker
(15:22 / All) MertoL: suck my balls reatrd
(15:25 / All) aBus3r.is.Back: hahahah
(15:27 / All) aBus3r.is.Back: noob
(15:29 / All) aBus3r.is.Back: learn play
(15:42 / All) MertoL: ur race is unbalanced moron
(15:50 / All) aBus3r.is.Back: shut up noob
(16:30 / All) aBus3r.is.Back: ahahah noob
(17:12 / All) MertoL: nice hack moron
(18:34 / All) MertoL: fuck cheater